 Dungeon Crawl Stone Soup version 0.23.2-1-ga50397a (webtiles) character file.

Game seed: 3657907958899249979

11 Gadfly the Magician (level 2, -2/19 HPs)
             Began as a Mummy Ice Elementalist on Apr 20, 2019.
             Slain by an ooze (4 damage)
             ... on level 1 of the Dungeon.
             The game lasted 00:01:08 (441 turns).

Gadfly the Magician (Mummy Ice Elementalist)         Turns: 441, Time: 00:01:08

Health: -2/19      AC:  2    Str: 11    XL:     2   Next: 17%
Magic:  2/6        EV: 12    Int: 14    God:
Gold:   12         SH:  0    Dex: 12    Spells: 6/7 levels left

rFire    x . .     SeeInvis .   f - +0 dagger (flame)
rCold    + . .     Gourm    .   (no shield)
rNeg     + + +     Faith    .   a - +0 robe
rPois    ∞         Spirit   .   (no helmet)
rElec    .         Reflect  .   (no cloak)
rCorr    .         Harm     .   (no gloves)
MR       .....                  (no boots)
Stlth    ++........             (no amulet)
HPRegen  0.06/turn              (no ring)
MPRegen  0.10/turn              (no ring)

@: very slightly contaminated
A: no food or potions, fire vulnerability, cold resistance 1, negative energy
resistance 3, torment resistance, unbreathing
a: no special abilities


You were on level 1 of the Dungeon.
You were not hungry.

You visited 1 branch of the dungeon, and saw 1 of its levels.

You collected 12 gold pieces.

Inventory:

Hand Weapons
 d - a +0 club
 f - a +0 dagger of flaming (weapon)
Armour
 a - a +0 robe (worn)
Jewellery
 e - an uncursed ring of protection from cold {unknown}
Scrolls
 b - a scroll of teleportation {unknown}
 c - 2 scrolls of remove curse {unknown}


   Skills:
 + Level 0.2 Fighting
 + Level 0.0 Short Blades
 * Level 1.9 Dodging
 - Level 1.5 Stealth
 * Level 3.0 Spellcasting
   Level 0.7 Conjurations
 * Level 2.6 Ice Magic


You had 6 spell levels left.
You knew the following spells:

 Your Spells              Type           Power        Failure   Level  Hunger
a - Freeze                Ice            #...         8%          1    N/A

Your spell library contained the following spells:

 Spells                   Type           Power        Failure   Level  Hunger
 Throw Frost              Conj/Ice       #.....       16%         2    N/A
 Ozocubu's Armour         Chrm/Ice       #.......     36%         3    N/A
 Throw Icicle             Conj/Ice       #.......     71%         4    N/A
 Summon Ice Beast         Ice/Summ       #.......     77%         4    N/A

Dungeon Overview and Level Annotations

Branches:
Dungeon (1/15)

Altars:


Innate Abilities, Weirdness & Mutations

You do not eat or drink.
Your flesh is vulnerable to fire.
You are immune to poison.
Your flesh is cold resistant. (rC+)
You are immune to negative energy. (rN+++)
You are immune to unholy pain and torment.
You can survive without breathing.


Message History

The kobold is heavily wounded.
The kobold hits you with a +0 club.
* * * LOW HITPOINT WARNING * * *
Casting: Freeze (safe; 8% risk of failure)
Confirm with . or Enter, or press ? or * to list all spells.
Aiming: Freeze (safe; 8% risk of failure)
Press: ? - help, Shift-Dir - straight line, f - kobold
Aim: a kobold, wielding a +0 club (heavily wounded)
You freeze the kobold.
You kill the kobold!
Your Spellcasting skill increases to level 3!
Casting: Freeze (safe; 8% risk of failure)
Confirm with . or Enter, or press ? or * to list all spells.
Aiming: Freeze (safe; 8% risk of failure)
Press: ? - help, Shift-Dir - straight line, f - ooze
Aim: an ooze (heavily wounded)
You miscast Freeze.
You are very lightly contaminated with residual magic.
You shiver with cold.
The ooze hits you.
You die...

#.##...####.# .#
#.##.#......# #
#.######.(.....###.......
#........>.....# ..##.##.
########.......# .## #
###.#####.##. ####J...#
#.... ######....##J#
###.. #......#####@#
#####.###### #.# #.÷..)#
... ..##### ..... ..##
......# ...# ..######
...# ### ...#####
........


You could see an ooze.

Vanquished Creatures
  A leopard gecko (D:1)
  2 giant cockroaches (D:1)
  3 kobolds (D:1)
  A frilled lizard (D:1)
  3 goblins (D:1)
10 creatures vanquished.

Notes
Turn   | Place    | Note
-------+----------+-------------------------------------------
     0 | D:1      | Gadfly the Mummy Ice Elementalist began the quest for the
                  | Orb.
     0 | D:1      | Reached XP level 1. HP: 13/13 MP: 4/4
   196 | D:1      | Reached XP level 2. HP: 13/19 MP: 5/5
   440 | D:1      | Reached skill level 3 in Spellcasting
   441 | D:1      | Slain by an ooze

Skill      XL: |  1  2 |
---------------+-------+-----
Spellcasting   | 3 |  3.0
Fighting       | |  0.2
Dodging        | |  1.9
Stealth        | |  1.5
Conjurations   | |  0.7
Ice Magic      | |  2.6

Action                   || total
-------------------------++-------
Melee: Club              ||    18
       Dagger            ||    11
 Cast: Freeze            ||     8
 Stab: Sleeping          ||     1
Armor: Robe              ||     9
Dodge: Dodged            ||    22
